 Dungeon Crawl Stone Soup version 0.21.1-1-g345015f (webtiles) character file.

1339 sking99 the Cleaver (level 8, -2/74 HPs)
             Began as a Hill Orc Fighter on June 29, 2018.
             Was a Believer of Uskayaw.
             Slain by an ogre
             ... wielding a +0 giant club
              (18 damage)
             ... on level 5 of the Dungeon.
             The game lasted 00:16:10 (5406 turns).

sking99 the Cleaver (Hill Orc Fighter)              Turns: 5406, Time: 00:16:10

Health: -2/74      AC:  8    Str: 19    XL:     8   Next: 61%
Magic:  10/10      EV:  4    Int:  8    God:    Uskayaw [**....]
Gold:   206        SH:  8    Dex: 12    Spells: 7/7 levels left

rFire    . . .     SeeInvis .   a - +1 war axe
rCold    . . .     Gourm    .   c - +0 shield
rNeg     . . .     Faith    .   n - +0 chain mail
rPois    .         Spirit   .   (no helmet)
rElec    .         Reflect  .   (no cloak)
rCorr    .         Harm     .   (no gloves)
MR       .....                  (no boots)
Stlth    ..........             (no amulet)
HPRegen  0.22/turn              (no ring)
MPRegen  0.12/turn              (no ring)

@: heavily drained
A: no striking features
a: Stomp, Line Pass, Renounce Religion


You were on level 5 of the Dungeon.
You worshipped Uskayaw.
Uskayaw was noncommittal.
You were very hungry.

You visited 1 branch of the dungeon, and saw 6 of its levels.

You collected 206 gold pieces.

Inventory:

Hand Weapons
 a - a +1 war axe (weapon)
Armour
 b - a +0 scale mail
 c - a +0 shield (worn)
 n - a +0 chain mail (worn)
Jewellery
 p - an uncursed ring of magical power {unknown}
Wands
 r - a wand of iceblast (9)
Scrolls
 d - 2 scrolls of teleportation
 e - 2 scrolls of remove curse
 j - a scroll of fear {unknown}
 k - 2 scrolls of identify
 l - a scroll of enchant armour {unknown}
 m - 2 scrolls of magic mapping
 o - a scroll of amnesia
Potions
 g - 2 potions of curing
 h - a potion of agility {unknown}
 i - a potion of lignification {unknown}
 q - a potion of invisibility {unknown}
 s - a potion of brilliance {unknown}
 t - a potion of resistance {unknown}
 u - 2 potions of flight
 v - a potion of heal wounds {unknown}
 w - a potion of magic {unknown}
 x - a potion of cancellation {unknown}
 A - a potion of ambrosia {unknown}
Comestibles
 f - 13 rations


   Skills:
 + Level 7.7(4.8) Fighting
 * Level 10.6(7.5) Axes
 - Level 3.4(0.9) Armour
 - Level 3.5(1.0) Shields
 + Level 2.8(0.3) Invocations


You had 7 spell levels left.
You didn't know any spells.

Dungeon Overview and Level Annotations

Branches:
Dungeon (6/15)             Temple (0/1) D:6

Altars:
Ashenzari
Cheibriados
Elyvilon
Gozag
Nemelex Xobeh
Uskayaw
Xom
The Shining One

Shops:
D:5 (   D:6 (


Message History

You can now pass through a line of other dancers.
You hit the ogre.
The ogre is severely wounded.
You hit the bullfrog.
Your shield and chain mail prevent you from hitting the slave.
The bullfrog hits you.
* * * LOW HITPOINT WARNING * * *
The slave hits you!
* * * LOW HITPOINT WARNING * * *
The bullfrog hits you but does no damage.
The ogre hits you with a giant club.
* * * LOW HITPOINT WARNING * * *
You feel better. You block the bullfrog's attack. The slave hits you.
* * * LOW HITPOINT WARNING * * *
The bullfrog hits you but does no damage.
Your chain mail prevents you from hitting the ogre.
The ogre is severely wounded.
You closely miss the slave. You closely miss the bullfrog.
The slave hits you but does no damage. The ogre hits you with a giant club!!
You die...

#......# #..# ##..
########...# #..# ##..#
##..### #...# #.## ##).##
#.(...###...# ##..# ##..##
##...........## #...# ##..##
#.............###
##...###..##
#........)......###.........#
........##.....OFp.....<...##
..[.#########..)@.....>....#
##### ######.[.......######
###.............
##...........# #.....).#####
##....### #....# ##...##
#.....#


You could see an ogre, a slave and a bullfrog.

Vanquished Creatures
  Edmund (D:5)
  An ice beast (D:3)
  2 slaves (D:5)
  3 ogres
  3 bullfrogs
  Blork the orc (D:5)
  A big kobold (D:4)
  A scorpion (D:4)
  A howler monkey (D:5)
  2 hounds (D:5)
  A centaur skeleton (D:4)
  An orc wizard (D:3)
  Terence (D:3)
  2 worker ants
  A hound skeleton (D:4)
  Robin (D:2)
  7 gnolls
  7 adders
  A shadow imp (D:5)
  2 adder skeletons
  An adder zombie (D:5)
  2 worms
  A dart slug (D:1)
  2 leopard geckos (D:4)
  9 orcs
  A ball python (D:1)
  9 giant cockroaches
  11 goblins
  8 hobgoblins
  8 jackals
  10 kobolds
  4 quokkas
  6 bats
  A frilled lizard (D:1)
  A giant cockroach zombie (D:5)
  A leopard gecko zombie (D:6)
  A quokka skeleton (D:4)
  17 rats
133 creatures vanquished.

Notes
Turn   | Place    | Note
-------+----------+-------------------------------------------
     0 | D:1      | sking99 the Hill Orc Fighter began the quest for the Orb.
     0 | D:1      | Reached XP level 1. HP: 19/19 MP: 1/1
    31 | D:1      | Reached XP level 2. HP: 25/27 MP: 2/2
   101 | D:1      | Reached skill level 3 in Axes
   522 | D:1      | Reached XP level 3. HP: 33/33 MP: 3/3
   979 | D:1      | Reached skill level 4 in Axes
  1090 | D:2      | Found a white marble altar of Elyvilon.
  1317 | D:2      | Reached XP level 4. HP: 41/41 MP: 4/4
  1319 | D:2      | Noticed Robin
  1323 | D:2      | Killed Robin
  1499 | D:2      | Found an opulent altar of Gozag.
  1502 | D:2      | Found a shattered altar of Ashenzari.
  1707 | D:2      | Found a sparkling altar of Nemelex Xobeh.
  1709 | D:2      | Found a glowing golden altar of the Shining One.
  1975 | D:3      | Reached skill level 5 in Axes
  1986 | D:3      | Reached XP level 5. HP: 22/47 MP: 5/5
  2461 | D:3      | Noticed an ice beast
  2472 | D:3      | Killed an ice beast
  2472 | D:3      | Reached skill level 5 in Fighting
  2472 | D:3      | Reached skill level 6 in Axes
  2472 | D:3      | Reached XP level 6. HP: 45/56 MP: 6/6
  2478 | D:3      | Noticed Terence
  2494 | D:3      | Killed Terence
  2928 | D:3      | Found a shimmering altar of Xom.
  3032 | D:4      | Reached skill level 7 in Axes
  3161 | D:4      | Found a snail-covered altar of Cheibriados.
  3190 | D:4      | Reached XP level 7. HP: 62/62 MP: 7/7
  3253 | D:4      | Reached skill level 8 in Axes
  3687 | D:5      | Entered Level 5 of the Dungeon
  3866 | D:5      | Reached skill level 9 in Axes
  3978 | D:5      | Noticed Edmund
  4000 | D:5      | Killed Edmund
  4000 | D:5      | Reached XP level 8. HP: 40/73 MP: 8/8
  4091 | D:5      | Found a hide-covered altar of Uskayaw.
  4107 | D:5      | Became a worshipper of Uskayaw the Reveler
  4157 | D:5      | Reached * piety under Uskayaw
  4160 | D:5      | Reached skill level 10 in Axes
  4160 | D:5      | Reached skill level 1 in Invocations
  4406 | D:5      | Reached ** piety under Uskayaw
  4561 | D:6      | Found Nutyteun's Antique Weapon Shop.
  4562 | D:6      | Found a staircase to the Ecumenical Temple.
  4566 | D:6      | Noticed Blork the orc
  4572 | D:6      | Reached *** piety under Uskayaw
  4574 | D:6      | Reached **** piety under Uskayaw
  5133 | D:5      | Killed Blork the orc
  5406 | D:5      | Slain by an ogre

Skill      XL: |  1  2  3  4  5  6  7  8 |
---------------+-------------------------+-----
Axes           | 3 4 5 6 7 9 10 | 10.6
Fighting       | 4 5 7 |  7.7
Invocations    | 2 |  2.8
Armour         | |  3.4
Shields        | |  3.5

Action                   |  1- 3 |  4- 6 |  7- 9 || total
-------------------------+-------+-------+-------++-------
Melee: War axe           |   105 |   189 |   167 ||   461
  Use: Scroll            |       |     9 |     1 ||    10
       Potion            |       |       |     3 ||     3
 Stab: Paralysed         |       |       |     9 ||     9
  Eat: Chunk             |     1 |     7 |     6 ||    14
Armor: Scale mail        |    47 |       |       ||    47
       Chain mail        |     8 |   129 |   111 ||   248
Dodge: Dodged            |    28 |    30 |    46 ||   104
Block: Shield            |    59 |   112 |    85 ||   256
